[Event "Titled Tuesday Blitz October 31 Early 2023"]
[White "djokovic74"]
[Black "Kuzhylnyi, Oleksandr"]
[BlackFideId "34110500"]
[WhiteElo "2722"]
[BlackElo "2635"]
[Result "0-1"]
[Round "9"]
[TimeControl "180+1"]
[Date "2023.10.31"]
[WhiteClock "0:00:33"]
[BlackClock "0:01:26"]
[Board "41"]

1. e4 g6 2. d4 Bg7 3. Nc3 d6 4. Nf3 a6 5. Bd3 Bg4 6. Be3 Nc6 7. d5 Nd4 8. Be2 Nxe2 9. Qxe2 Nf6 10. h3 Bxf3 11. Qxf3 O-O 12. O-O Nd7 13. Rad1 c6 14. Qe2 Rc8 15. Bd4 Bxd4 16. Rxd4 Qb6 17. Qe3 Ne5 18. Na4 Qa5 19. f4 c5 20. Rd2 Nc4 0-1


[Site "https://www.chess.com"]

[Event "Titled Tuesday Blitz October 31 Early 2023"]
[White "Halkias, Stelios"]
[Black "Jain Kashish Manoj"]
[WhiteFideId "4201809"]
[BlackFideId "35081098"]
[WhiteElo "2719"]
[BlackElo "2631"]
[Result "0-1"]
[Round "9"]
[TimeControl "180+1"]
[Date "2023.10.31"]
[WhiteClock "0:00:02"]
[BlackClock "0:00:05"]
[Board "42"]

1. Nf3 Nf6 2. c4 g6 3. g3 Bg7 4. Bg2 O-O 5. O-O d6 6. d4 Nc6 7. Nc3 a6 8. Bf4 Rb8 9. Rc1 Bd7 10. d5 Na5 11. c5 dxc5 12. e4 b5 13. e5 Nh5 14. Be3 Nc4 15. Bxc5 Nxe5 16. Re1 Bg4 17. Nxe5 Bxd1 18. Nc6 Qd7 19. Nxb8 Rxb8 20. Rxe7 Qd8 21. Rxd1 Bf8 22. d6 cxd6 23. Ree1 b4 24. Ne4 Qa5 25. Bxd6 Bxd6 26. Nxd6 Qxa2 27. Bd5 Qxb2 28. Nxf7 Kf8 29. Ng5 Nf6 30. Bc4 b3 31. Ne6+ Kg8 32. Nc5+ Kh8 33. Nd3 Qc3 34. Rc1 Qd4 35. Rb1 Qxc4 36. Ne5 Qd4 37. Nc6 Qb6 38. Nxb8 Qxb8 39. Re6 Ne4 40. Rxe4 a5 41. Ra4 Qb5 42. Rxa5 Qxa5 43. Rxb3 Qe1+ 44. Kg2 Qe4+ 45. Kg1 Qe5 46. h4 Qd6 47. Re3 Kg7 48. Kg2 Kf6 49. Kg1 h6 50. Kg2 g5 51. hxg5+ hxg5 52. Kg1 g4 53. Kg2 Kf5 54. Kg1 Qd5 55. Kf1 Qh1+ 56. Ke2 Qc1 57. Rd3 Qc2+ 58. Ke3 Ke5 59. Rd2 Qc5+ 60. Ke2 Ke4 61. Ke1 Qc1+ 62. Rd1 Qc4 63. Rd2 Kf3 64. Kd1 Qb3+ 65. Ke1 Qc3 66. Kd1 Qxd2+ 67. Kxd2 Kxf2 0-1


[Site "https://www.chess.com"]

[Event "Titled Tuesday Blitz October 31 Early 2023"]
[White "NelsonLinda"]
[Black "Djokic, Mihailo"]
[BlackFideId "976440"]
[WhiteElo "2624"]
[BlackElo "2708"]
[Result "0-1"]
[Round "9"]
[TimeControl "180+1"]
[Date "2023.10.31"]
[WhiteClock "0:00:17"]
[BlackClock "0:01:05"]
[Board "43"]

1. b3 e5 2. Bb2 Nc6 3. e3 Nf6 4. Nf3 e4 5. Ne5 Nxe5 6. Bxe5 Be7 7. Be2 d6 8. Bb2 O-O 9. O-O Bf5 10. d3 d5 11. Nd2 Re8 12. Re1 Qd7 13. Nf1 Rad8 14. Ng3 Bg6 15. c4 exd3 16. Bxd3 c6 17. Bxg6 hxg6 18. Rc1 Qe6 19. Qe2 Rd7 20. Red1 Red8 21. Qc2 dxc4 22. Rxd7 Rxd7 23. bxc4 Bb4 24. Nf1 a5 25. a4 Ne4 26. Bd4 c5 27. Ba1 f6 28. Bb2 b6 29. f3 Nd2 30. Rd1 Nxf1 31. Rxd7 Qxe3+ 32. Kh1 Qe1 33. Rd1 Ng3# 0-1


[Site "https://www.chess.com"]

[Event "Titled Tuesday Blitz October 31 Early 2023"]
[White "Nagare Kaivalya Sandip"]
[Black "Herzog2012"]
[WhiteFideId "25957929"]
[WhiteElo "2706"]
[BlackElo "2579"]
[Result "1-0"]
[Round "9"]
[TimeControl "180+1"]
[Date "2023.10.31"]
[WhiteClock "0:02:41"]
[BlackClock "0:00:37"]
[Board "44"]

1. e4 c5 2. Nf3 Nc6 3. d4 cxd4 4. Nxd4 Nf6 5. Nc3 d6 6. Bg5 e6 7. Qd2 Be7 8. O-O-O O-O 9. Kb1 Qa5 10. Nxc6 bxc6 11. Nd5 Qd8 12. Nxe7+ Qxe7 13. f3 h6 14. Bh4 Rb8 15. Qxd6 Qb7 16. Bxf6 gxf6 17. b3 Kg7 18. Bc4 Re8 19. h4 Qb6 20. Rh3 Rb7 21. Rg3+ Kh7 22. Qf4 f5 23. Qe5 Rg8 24. Rxg8 Kxg8 25. exf5 exf5 26. Qe8+ 1-0


[Site "https://www.chess.com"]

[Event "Titled Tuesday Blitz October 31 Early 2023"]
[White "Ovetchkin, Roman"]
[Black "Atakhan, Abtin"]
[WhiteFideId "4119991"]
[BlackFideId "22502203"]
[WhiteElo "2697"]
[BlackElo "2697"]
[Result "0-1"]
[Round "9"]
[TimeControl "180+1"]
[Date "2023.10.31"]
[WhiteClock "0:00:06"]
[BlackClock "0:00:44"]
[Board "45"]

1. d4 Nf6 2. c4 g6 3. Nc3 d5 4. cxd5 Nxd5 5. Na4 Nb6 6. e4 Bg7 7. Be3 O-O 8. Be2 f5 9. exf5 gxf5 10. Nh3 Nc6 11. Nxb6 axb6 12. Bc4+ Kh8 13. Qh5 Qe8 14. Qxe8 Rxe8 15. O-O-O Ra4 16. Bb3 Rb4 17. Ng5 Bxd4 18. Bd2 Rb5 19. f4 Bf6 20. Rhe1 Na5 21. Bxa5 bxa5 22. Ba4 Rc5+ 23. Kb1 b5 24. Bc2 Bxg5 25. fxg5 e5 26. h4 e4 27. Bb3 a4 28. Bf7 Rf8 29. Bh5 Be6 30. Rd4 f4 31. Bd1 e3 32. Bc2 Bxa2+ 33. Kxa2 Rxc2 34. g3 f3 35. Rxe3 f2 36. Rf4 Rxf4 0-1


[Site "https://www.chess.com"]

[Event "Titled Tuesday Blitz October 31 Early 2023"]
[White "Ivic, Velimir"]
[Black "Santos Flores, Alberto"]
[WhiteFideId "950122"]
[BlackFideId "3601234"]
[WhiteElo "2833"]
[BlackElo "2474"]
[Result "0-1"]
[Round "9"]
[TimeControl "180+1"]
[Date "2023.10.31"]
[WhiteClock "0:00:07"]
[BlackClock "0:00:04"]
[Board "47"]

1. Nf3 d5 2. e3 Nf6 3. d4 c6 4. c4 Bf5 5. Nc3 e6 6. Nh4 Bg4 7. f3 Bh5 8. Qb3 Qb6 9. g4 Bg6 10. Bd2 Nbd7 11. c5 Qxb3 12. axb3 a6 13. g5 Nh5 14. Nxg6 hxg6 15. Rg1 e5 16. Kf2 Be7 17. h4 f5 18. f4 exd4 19. exd4 Kf7 20. b4 Rae8 21. Re1 Bd8 22. Rxe8 Rxe8 23. Kf3 Bc7 24. Bd3 Nf8 25. Ne2 Ne6 26. Be3 Bb8 27. Ra1 Bc7 28. Ra3 Rb8 29. Rc3 Ke7 30. Rc2 Kd7 31. Rc1 Re8 32. Bd2 Re7 33. Rf1 Re8 34. Re1 Re7 35. Rf1 Re8 36. Kg2 Re7 37. Rf3 Re8 38. Kf2 Re7 39. Be3 Re8 40. Bb1 Re7 41. Bc2 Re8 42. Bc1 Re7 43. Bd2 Re8 44. Ba4 Re7 45. Be3 Re8 46. Rh3 Nexf4 47. Nxf4 Bxf4 48. Bd1 Rxe3 49. Rxe3 Bxe3+ 50. Kxe3 Ng3 51. Kf4 Ne4 52. Ke5 Ke7 53. Be2 Nf2 54. Kf4 Ne4 55. Ke5 Ng3 56. Bf3 Nf1 57. Kf4 Nd2 58. Be2 Nc4 59. b3 Nd2 60. Bd1 Ne4 61. Ke5 Nf2 62. Be2 Nh3 63. Bf1 Nf2 64. Be2 Ne4 65. Kf4 Nd2 66. Bd1 Ke6 67. Ke3 Ne4 68. Kf4 Nf2 69. Ke3 Nxd1+ 70. Kf4 Nc3 71. Kf3 Na2 72. b5 axb5 0-1


[Site "https://www.chess.com"]

[Event "Titled Tuesday Blitz October 31 Early 2023"]
[White "Klukin, Kirill"]
[Black "Gontcharov, Vladislav"]
[WhiteFideId "24199273"]
[BlackFideId "4123492"]
[WhiteElo "2832"]
[BlackElo "2579"]
[Result "1-0"]
[Round "9"]
[TimeControl "180+1"]
[Date "2023.10.31"]
[WhiteClock "0:00:20"]
[BlackClock "0:00:01"]
[Board "48"]

1. d4 Nf6 2. Nf3 e6 3. e3 c5 4. Bd3 Nc6 5. O-O d5 6. b3 Bd6 7. Bb2 O-O 8. Nbd2 b6 9. e4 cxd4 10. Nxd4 Nxd4 11. Bxd4 e5 12. Bb2 Bb7 13. exd5 Bxd5 14. Nc4 Bxc4 15. Bxc4 Qc7 16. Qe2 Rfe8 17. Rad1 Re7 18. a4 Bb4 19. Rd3 Ne8 20. Rfd1 Nd6 21. Bd5 Rae8 22. c3 e4 23. Rh3 e3 24. cxb4 exf2+ 25. Qxf2 Re2 26. Qh4 Qc2 27. Rf1 h6 28. Qf4 Qxb2 29. Qxd6 Kh8 30. Bxf7 Rxg2+ 31. Kh1 Rf2 32. Rxh6+ gxh6 33. Qxh6# 1-0


[Site "https://www.chess.com"]

[Event "Titled Tuesday Blitz October 31 Early 2023"]
[White "borocotoajua"]
[Black "Golizadeh, Asghar"]
[BlackFideId "12505269"]
[WhiteElo "2572"]
[BlackElo "2761"]
[Result "0-1"]
[Round "9"]
[TimeControl "180+1"]
[Date "2023.10.31"]
[WhiteClock "0:00:08"]
[BlackClock "0:01:05"]
[Board "49"]

1. d4 Nf6 2. Nf3 e6 3. c4 Bb4+ 4. Nbd2 b6 5. g3 Bb7 6. Bg2 O-O 7. O-O d5 8. Ne5 Nbd7 9. a3 Bd6 10. f4 c5 11. e3 Rc8 12. b3 Ne4 13. Nxe4 dxe4 14. Bb2 f6 15. Nxd7 Qxd7 16. dxc5 bxc5 17. f5 exf5 18. Bh3 g6 19. g4 fxg4 20. Bxg4 f5 21. Be2 Qe7 22. b4 Rcd8 23. Qe1 f4 24. exf4 Bxf4 25. Qc3 Rd4 26. bxc5 Qg5+ 27. Kh1 e3+ 28. Bf3 Qh4 29. Qc2 Rd2 30. Bxb7 Qxh2# 0-1


[Site "https://www.chess.com"]

[Event "Titled Tuesday Blitz October 31 Early 2023"]
[White "Kiremitciyan, Ari"]
[Black "Costachi, Mihnea"]
[WhiteFideId "6373445"]
[BlackFideId "1217518"]
[WhiteElo "2564"]
[BlackElo "2734"]
[Result "1/2-1/2"]
[Round "9"]
[TimeControl "180+1"]
[Date "2023.10.31"]
[WhiteClock "0:00:05"]
[BlackClock "0:01:21"]
[Board "50"]

1. Nf3 d5 2. b3 Nc6 3. Bb2 Bf5 4. e3 e6 5. a3 a6 6. c4 Nf6 7. d4 Be7 8. Nc3 O-O 9. Be2 h6 10. Bd3 Bxd3 11. Qxd3 Na5 12. Nd2 c6 13. c5 b5 14. cxb6 Qxb6 15. b4 Nb7 16. O-O a5 17. Na4 Qb5 18. Qxb5 cxb5 19. Nc5 Nd6 20. f3 Nc4 21. Nxc4 dxc4 22. e4 axb4 23. axb4 Rfd8 24. Kf2 Kf8 25. Rxa8 Rxa8 26. Ra1 Rxa1 27. Bxa1 Bxc5 28. dxc5 Nd7 29. g4 g6 30. c6 Nb6 31. Bd4 Na8 32. Bf6 Ke8 33. Ke3 Nc7 34. Kd4 Na6 35. Kc3 h5 36. gxh5 gxh5 37. h4 Kf8 38. Bd8 Ke8 39. Bb6 Ke7 40. e5 Ke8 41. f4 Ke7 42. Ba5 Ke8 43. Bb6 Ke7 44. Ba5 Ke8 45. Bb6 1/2-1/2


[Site "https://www.chess.com"]

[Event "Titled Tuesday Blitz October 31 Early 2023"]
[White "Harikrishnan.A.Ra"]
[Black "Toropov, Pavel"]
[WhiteFideId "5081483"]
[BlackFideId "24129178"]
[WhiteElo "2681"]
[BlackElo "2553"]
[Result "1-0"]
[Round "9"]
[TimeControl "180+1"]
[Date "2023.10.31"]
[WhiteClock "0:00:56"]
[BlackClock "0:00:11"]
[Board "51"]

1. d4 d5 2. Nf3 Nf6 3. c3 Bf5 4. Qb3 Qc8 5. c4 c6 6. Nc3 e6 7. Bg5 Nbd7 8. Rc1 Be7 9. e3 O-O 10. Be2 dxc4 11. Bxc4 b5 12. Be2 a6 13. O-O c5 14. e4 c4 15. Qd1 Bg6 16. e5 Nd5 17. Nxd5 Bxg5 18. Nxg5 exd5 19. f4 Nb6 20. Bg4 Bf5 21. Bxf5 Qxf5 22. g4 Qg6 23. h4 h6 24. f5 Qc6 25. Nh3 f6 26. Nf4 fxe5 27. dxe5 Qc5+ 28. Kh1 d4 29. Ng6 Nd5 30. Qf3 Ne3 31. f6 gxf6 32. exf6 Rf7 33. Qxa8+ Kh7 34. Qh8+ Kxg6 35. Qg8+ 1-0


[Site "https://www.chess.com"]

[Event "Titled Tuesday Blitz October 31 Early 2023"]
[White "Goltseva, Ekaterina"]
[Black "Mendez Fortes, Eduardo Jesus"]
[WhiteFideId "24173770"]
[BlackFideId "3502376"]
[WhiteElo "2545"]
[BlackElo "2676"]
[Result "0-1"]
[Round "9"]
[TimeControl "180+1"]
[Date "2023.10.31"]
[WhiteClock "0:00:05"]
[BlackClock "0:00:08"]
[Board "52"]

1. Nf3 d5 2. d4 Nf6 3. c4 e6 4. Nc3 Bb4 5. g3 dxc4 6. Bg2 Nc6 7. O-O O-O 8. a3 Bxc3 9. bxc3 Na5 10. Ne5 c6 11. Bg5 h6 12. Bxf6 gxf6 13. Ng4 h5 14. Ne3 f5 15. Bf3 h4 16. Ng2 hxg3 17. hxg3 Kg7 18. Nf4 Rh8 19. Qd2 Nb3 20. Qc2 Nxa1 21. Rxa1 Bd7 22. Rb1 b5 23. Qd2 Kf8 24. Qe3 Qf6 25. Nh5 Qh6 26. Qe5 Rc8 27. Nf6 Ke7 28. d5 cxd5 29. Nxd5+ Kd8 30. Nf6 Ke7 31. Rd1 Rhd8 32. Nd5+ Kf8 33. Qd6+ Kg7 34. Ne7 Be8 35. Qxd8 Rxd8 36. Rxd8 Kf8 37. Nc6 Qc1+ 38. Kg2 Qxc3 39. Nxa7 Qxa3 40. Bc6 Qxa7 41. Rxe8+ Kg7 42. Bf3 c3 43. Ra8 Qc7 44. Ra1 c2 45. Rc1 b4 46. e4 b3 47. exf5 b2 48. f6+ Kxf6 49. Rxc2 Qxc2 50. g4 b1=Q 51. g5+ Kxg5 52. Kg3 Qg1+ 53. Bg2 Qd3+ 54. f3 Qd6+ 55. Kh3 Qgh2# 0-1


[Site "https://www.chess.com"]

[Event "Titled Tuesday Blitz October 31 Early 2023"]
[White "Janaszak, Dawid"]
[Black "chess123456s"]
[WhiteFideId "1119206"]
[WhiteElo "2669"]
[BlackElo "2541"]
[Result "1-0"]
[Round "9"]
[TimeControl "180+1"]
[Date "2023.10.31"]
[WhiteClock "0:01:01"]
[BlackClock "0:00:11"]
[Board "53"]

1. c4 e5 2. Nc3 Nf6 3. e3 Nc6 4. g4 d6 5. g5 Nd7 6. h4 Nb6 7. Qc2 Be6 8. b3 h6 9. g6 fxg6 10. Bd3 Ne7 11. Bxg6+ Nxg6 12. Qxg6+ Bf7 13. Qg2 c6 14. Bb2 Qc7 15. O-O-O O-O-O 16. Nge2 d5 17. d3 Rg8 18. Kb1 Bb4 19. Rhg1 Bh5 20. cxd5 Bxc3 21. Nxc3 Bxd1 22. Rxd1 Nxd5 23. Ne4 Nf6 24. Nc5 Qd6 25. Rc1 Kb8 26. d4 exd4 27. Bxd4 Nd7 28. Ne4 Qd5 29. f3 Ka8 30. Rc4 g5 31. hxg5 hxg5 32. Qg3 Nb6 33. Bxb6 Qd1+ 34. Kb2 Qe2+ 35. Rc2 Qb5 36. Bxd8 Rxd8 37. Qxg5 1-0


[Site "https://www.chess.com"]

[Event "Titled Tuesday Blitz October 31 Early 2023"]
[White "BashirovKemal"]
[Black "Yaksin, Oleg"]
[BlackFideId "24105880"]
[WhiteElo "2666"]
[BlackElo "2538"]
[Result "1-0"]
[Round "9"]
[TimeControl "180+1"]
[Date "2023.10.31"]
[WhiteClock "0:00:14"]
[BlackClock "0:00:00"]
[Board "54"]

1. d4 Nf6 2. c4 e6 3. Nf3 b6 4. g3 Bb7 5. Bg2 Be7 6. O-O O-O 7. Nc3 Ne4 8. Bd2 Bf6 9. Be1 g6 10. Rc1 d6 11. h4 Nd7 12. Qc2 Nxc3 13. Bxc3 Qe7 14. Rfd1 a5 15. e4 Bg7 16. Bd2 Rae8 17. Re1 e5 18. d5 h6 19. Bh3 Nc5 20. a3 a4 21. Be3 f5 22. exf5 Bc8 23. f6 Qxf6 24. Bxc8 Rxc8 25. Nd2 Ra8 26. Ne4 Nxe4 27. Qxe4 Qf5 28. Qg2 e4 29. Re2 Rae8 30. Rce1 Rf7 31. g4 Qf3 32. g5 h5 33. Kh2 Qf5 34. Kg1 Rfe7 35. Rd1 Rf8 36. Rde1 Rfe8 37. Rd1 Qf3 38. Rdd2 Be5 39. Kh1 Rf8 40. Kg1 Ref7 41. Kh1 Bf4 42. Kg1 Bxe3 43. fxe3 Qf1+ 44. Qxf1 Rxf1+ 45. Kg2 Rc1 46. Rd4 Rff1 47. Rxe4 Rg1+ 48. Kf3 Rgf1+ 49. Rf2 Rxf2+ 50. Kxf2 Rc2+ 51. Kf3 Kf7 52. Rf4+ Kg7 53. Re4 Kf7 54. Rf4+ Kg7 55. c5 bxc5 56. Rxa4 Rxb2 57. Ra7 Ra2 58. Rxc7+ Kf8 59. Rd7 Rxa3 60. Rxd6 Kf7 61. Rf6+ Kg7 62. Rc6 Ra4 63. Rxc5 Rxh4 64. Rc7+ Kf8 65. d6 Rh1 66. Rh7 Rd1 67. d7 Rd5 68. e4 Rd4 69. e5 h4 70. e6 1-0


[Site "https://www.chess.com"]

[Event "Titled Tuesday Blitz October 31 Early 2023"]
[White "Sharapov, Evgeny"]
[Black "El_Matador12"]
[WhiteFideId "14103133"]
[WhiteElo "2666"]
[BlackElo "2531"]
[Result "0-1"]
[Round "9"]
[TimeControl "180+1"]
[Date "2023.10.31"]
[WhiteClock "0:00:04"]
[BlackClock "0:00:29"]
[Board "55"]

1. e4 c6 2. d4 d5 3. e5 c5 4. Nf3 Nc6 5. c4 cxd4 6. Nxd4 e6 7. cxd5 Qxd5 8. Nxc6 Qxd1+ 9. Kxd1 bxc6 10. Nc3 Ne7 11. Kc2 Nd5 12. a3 Bc5 13. Ne4 Be7 14. Bc4 O-O 15. Bd2 a5 16. Rac1 Rd8 17. Rhd1 Ba6 18. Bxa6 Rxa6 19. Bg5 Bxg5 20. Nxg5 Rb8 21. Ne4 Rab6 22. Rb1 Kf8 23. g3 Ke7 24. Rd3 Rb5 25. f4 h5 26. Nc3 Rc5 27. Kd2 Rc4 28. b3 Nxc3 29. Rxc3 Rd8+ 30. Rd3 Rcd4 31. Rxd4 Rxd4+ 32. Ke3 Rd5 33. Rc1 Kd7 34. Rc4 Kc7 35. b4 axb4 36. Rxb4 Ra5 37. a4 c5 38. Rc4 Kc6 39. Ke4 g6 40. h3 Ra8 41. g4 hxg4 42. hxg4 Rb8 43. f5 g5 44. a5 Rb4 45. Kd3 Rb3+ 46. Kc2 Ra3 47. Rc3 Rxc3+ 48. Kxc3 Kb5 49. Kb3 Kxa5 50. Kc4 Kb6 51. fxe6 fxe6 52. Kc3 Kb5 53. Kb3 c4+ 54. Kc3 Kc5 0-1


[Site "https://www.chess.com"]

[Event "Titled Tuesday Blitz October 31 Early 2023"]
[White "Demin, Vladimir"]
[Black "Wizard_97"]
[WhiteFideId "4167457"]
[WhiteElo "2526"]
[BlackElo "2619"]
[Result "1-0"]
[Round "9"]
[TimeControl "180+1"]
[Date "2023.10.31"]
[WhiteClock "0:00:28"]
[BlackClock "0:00:32"]
[Board "56"]

1. d4 Nf6 2. Nc3 d5 3. Bf4 c5 4. e4 Nxe4 5. Nxe4 dxe4 6. dxc5 Qa5+ 7. c3 Qxc5 8. Qa4+ Nc6 9. Qxe4 g6 10. Nf3 Bg7 11. Qe3 Qa5 12. Bc4 O-O 13. O-O Bf5 14. Rfe1 Rad8 15. Bh6 e6 16. h3 b5 17. Bxg7 Kxg7 18. Ne5 Ne7 19. Qc5 Rfe8 20. Qxb5 Qc7 21. Re2 Nd5 22. Qc6 Qxc6 23. Nxc6 Rc8 24. Bxd5 exd5 25. Rxe8 Rxe8 26. Nd4 Bd3 27. Rd1 Ba6 28. f3 Rb8 29. Rd2 Rc8 30. Kf2 Kf6 31. Rd1 Ke5 32. a4 Rb8 33. Nc6+ 1-0


[Site "https://www.chess.com"]

[Event "Titled Tuesday Blitz October 31 Early 2023"]
[White "Pinheiro, Iung Alicio de O."]
[Black "Lehtosaari, Mauri"]
[WhiteFideId "2104350"]
[BlackFideId "501999"]
[WhiteElo "2617"]
[BlackElo "2514"]
[Result "1-0"]
[Round "9"]
[TimeControl "180+1"]
[Date "2023.10.31"]
[WhiteClock "0:01:05"]
[BlackClock "0:01:25"]
[Board "57"]

1. d4 d5 2. Nf3 Nf6 3. Bg5 Ne4 4. Bh4 c6 5. Nbd2 Bf5 6. e3 e6 7. Bd3 Nxd2 8. Bxd8 Nxf3+ 9. Qxf3 Kxd8 10. Bxf5 exf5 11. Qxf5 f6 12. O-O Be7 13. b4 Nd7 14. b5 Rc8 15. bxc6 bxc6 16. Rab1 Nb6 17. a4 Kc7 18. a5 Nc4 19. Qe6 Rhe8 20. a6 Nb6 21. Qf7 g5 22. Rfc1 Kd6 23. e4 dxe4 24. c4 Kd7 25. d5 cxd5 26. cxd5 Rxc1+ 27. Rxc1 Rd8 28. Rc6 1-0


[Site "https://www.chess.com"]

[Event "Titled Tuesday Blitz October 31 Early 2023"]
[White "JuniorJumper"]
[Black "MFatigue"]
[WhiteElo "2610"]
[BlackElo "2502"]
[Result "1-0"]
[Round "9"]
[TimeControl "180+1"]
[Date "2023.10.31"]
[WhiteClock "0:00:12"]
[BlackClock "0:00:12"]
[Board "58"]

1. d4 d5 2. Bf4 Nf6 3. e3 e6 4. Nd2 c5 5. c3 Bd6 6. Bxd6 Qxd6 7. Bd3 Nc6 8. f4 b6 9. a3 Bb7 10. Ngf3 O-O-O 11. Ne5 Rhf8 12. Qa4 Kb8 13. Bb5 Rc8 14. Ndf3 Ne7 15. Ng5 Ne4 16. Nxe4 dxe4 17. Nd7+ Ka8 18. Nxf8 Rxf8 19. O-O-O Nf5 20. Rhe1 cxd4 21. Ba6 Bc6 22. Bb5 Bb7 23. g4 Nh4 24. Rxd4 Qc5 25. Red1 a5 26. Rd8+ Rxd8 27. Rxd8+ Ka7 28. Qc4 Qxe3+ 29. Kb1 Qc5 30. Qxc5 bxc5 31. Rd7 Kb6 32. Rxf7 Ng2 33. Bf1 e3 34. Be2 g6 35. Kc1 Ba6 36. Bxa6 Kxa6 37. Kd1 Kb5 38. Ke2 Kc4 39. Kf3 Kd3 40. Rd7+ Kc2 41. Kxg2 Kxb2 42. Kf3 Kxc3 43. Kxe3 Kb3 44. Rxh7 Kxa3 45. Rc7 Kb4 46. Rb7+ Kc3 47. Rb5 a4 48. Rxc5+ Kb2 49. Re5 1-0


[Site "https://www.chess.com"]

[Event "Titled Tuesday Blitz October 31 Early 2023"]
[White "Omelja, Artem"]
[Black "Girinath, P.D.S."]
[WhiteFideId "14119846"]
[BlackFideId "5000572"]
[WhiteElo "2580"]
[BlackElo "2383"]
[Result "1-0"]
[Round "9"]
[TimeControl "180+1"]
[Date "2023.10.31"]
[WhiteClock "0:00:10"]
[BlackClock "0:00:00"]
[Board "59"]

1. e4 c5 2. Nf3 d6 3. d4 cxd4 4. Nxd4 Nf6 5. Nc3 g6 6. Be3 Bg7 7. f3 Nc6 8. Qd2 O-O 9. Bc4 Bd7 10. O-O-O Rc8 11. Bb3 Ne5 12. h4 h5 13. g4 b5 14. g5 b4 15. Nce2 Ne8 16. f4 Nc4 17. Bxc4 Rxc4 18. f5 Nc7 19. Nf4 Nb5 20. Nxb5 Bxb5 21. fxg6 Qa5 22. Kb1 Rxe4 23. Nxh5 Bc4 24. b3 Bc3 25. Qc1 fxg6 26. Ng3 Re5 27. bxc4 Rf3 28. Nf1 Rff5 29. Bd4 Qa4 30. Bxe5 Rxe5 31. Rd3 Ra5 32. a3 1-0


[Site "https://www.chess.com"]

[Event "Titled Tuesday Blitz October 31 Early 2023"]
[White "Zhigalko, Sergei"]
[Black "Seresin, Francesco"]
[WhiteFideId "13502956"]
[BlackFideId "886335"]
[WhiteElo "2920"]
[BlackElo "2403"]
[Result "1-0"]
[Round "9"]
[TimeControl "180+1"]
[Date "2023.10.31"]
[WhiteClock "0:02:19"]
[BlackClock "0:01:06"]
[Board "60"]

1. e4 d5 2. exd5 Nf6 3. d4 Nxd5 4. c4 Nb6 5. Nf3 g6 6. Nc3 Bg7 7. c5 Nd5 8. Bc4 c6 9. O-O O-O 10. Re1 Bg4 11. Bg5 Re8 12. h3 Be6 13. Rxe6 fxe6 14. Qe2 Qd7 15. Re1 b5 16. Bb3 Na6 17. Qxe6+ Qxe6 18. Rxe6 Rac8 19. Rxc6 1-0


[Site "https://www.chess.com"]

[Event "Titled Tuesday Blitz October 31 Early 2023"]
[White "Kosteniuk, Alexandra"]
[Black "Willy, Stephen"]
[WhiteFideId "4128125"]
[BlackFideId "30981468"]
[WhiteElo "2707"]
[BlackElo "2496"]
[Result "1-0"]
[Round "9"]
[TimeControl "180+1"]
[Date "2023.10.31"]
[WhiteClock "0:02:16"]
[BlackClock "0:00:55"]
[Board "61"]

1. Nf3 d5 2. g3 c5 3. Bg2 Nc6 4. d4 Bg4 5. c4 e6 6. cxd5 exd5 7. Ne5 Nxe5 8. dxe5 Be6 9. Nc3 Ne7 10. Bg5 Qa5 11. O-O d4 12. Bxb7 Rb8 13. Ne4 Rxb7 14. Nd6+ Kd7 15. Nxb7 Qb6 16. Qa4+ Nc6 17. Nd6 f6 18. Bc1 fxe5 19. Nc4 Qb4 20. Nxe5+ 1-0


[Site "https://www.chess.com"]

[Event "Titled Tuesday Blitz October 31 Early 2023"]
[White "Bilan, Danila"]
[Black "Xtrmntr78"]
[WhiteFideId "24161918"]
[WhiteElo "2492"]
[BlackElo "2653"]
[Result "0-1"]
[Round "9"]
[TimeControl "180+1"]
[Date "2023.10.31"]
[WhiteClock "0:00:00"]
[BlackClock "0:00:29"]
[Board "62"]

1. d4 f5 2. Nf3 Nf6 3. g3 e6 4. Bg2 d5 5. O-O Bd6 6. c4 c6 7. Nc3 O-O 8. Bf4 Qe7 9. Ne5 Nbd7 10. Nxd7 Bxd7 11. Bxd6 Qxd6 12. Qd3 b6 13. f3 Rac8 14. e4 dxe4 15. fxe4 c5 16. d5 Ng4 17. exf5 exf5 18. Rae1 Rce8 19. b3 g6 20. Qd2 Kg7 21. Nd1 Qf6 22. h3 Ne5 23. Nf2 Nf7 24. Kh2 Nd6 25. Ng4 Qd4 26. Qxd4+ cxd4 27. Ne5 Bc8 28. Nc6 d3 29. Rd1 Re2 30. Nxa7 Rxa2 31. Nc6 f4 32. Rxd3 Bf5 33. Rdf3 Be4 34. R3f2 fxg3+ 35. Kxg3 Rfxf2 36. Rxf2 Nf5+ 37. Kf4 Rxf2+ 38. Kxe4 Rxg2 0-1


[Site "https://www.chess.com"]

[Event "Titled Tuesday Blitz October 31 Early 2023"]
[White "Volkov, Maksim"]
[Black "Kopczynski, Michal"]
[WhiteFideId "54123070"]
[BlackFideId "1124200"]
[WhiteElo "2640"]
[BlackElo "2491"]
[Result "1-0"]
[Round "9"]
[TimeControl "180+1"]
[Date "2023.10.31"]
[WhiteClock "0:00:18"]
[BlackClock "0:00:00"]
[Board "63"]

1. e4 b6 2. f4 Bb7 3. Nc3 e6 4. Nf3 Bb4 5. d3 Nf6 6. Bd2 d5 7. e5 Nh5 8. g4 d4 9. Ne4 Bxd2+ 10. Qxd2 f5 11. exf6 Nxf6 12. O-O-O Nxg4 13. Bh3 Ne3 14. Rdg1 O-O 15. Bxe6+ Kh8 16. Ne5 Rxf4 17. Rf1 Bd5 18. Bxd5 Qxd5 19. Rxf4 Nd7 20. Nxd7 Qxa2 21. Qe1 Qa1+ 22. Kd2 Qxb2 23. Qb1 Qa3 24. Ne5 Qa5+ 25. c3 Qxe5 26. Rf3 Nd5 27. cxd4 Qxd4 28. Rc1 Re8 29. Rc4 Qe5 30. Qf1 h6 31. Rf8+ Rxf8 32. Qxf8+ Kh7 33. Ng3 Qb2+ 34. Rc2 Qb4+ 35. Qxb4 Nxb4 36. Rxc7 a5 37. Nf5 Kg6 38. Nxg7 a4 39. Ne6 a3 40. Ra7 a2 41. Nd4 Kf6 42. Kc3 Nd5+ 43. Kb3 Ke5 44. Ne2 Ne3 45. Rxa2 Kf5 46. Ra4 Nd5 47. Rh4 Kg5 48. Rd4 Ne3 49. Re4 Nf1 50. Kc2 Nxh2 51. Rb4 Nf3 52. Rxb6 h5 53. Rb5+ Kg4 54. Rb4+ Kh3 55. Nf4+ Kg4 56. Ng6+ 1-0


[Site "https://www.chess.com"]

[Event "Titled Tuesday Blitz October 31 Early 2023"]
[White "Arslanov, Shamil"]
[Black "LouieKov2022"]
[WhiteFideId "4192826"]
[WhiteElo "2612"]
[BlackElo "2482"]
[Result "0-1"]
[Round "9"]
[TimeControl "180+1"]
[Date "2023.10.31"]
[WhiteClock "0:00:06"]
[BlackClock "0:00:08"]
[Board "64"]

1. d4 d5 2. e4 dxe4 3. Nc3 Nf6 4. f3 Bf5 5. g4 Bg6 6. h4 h6 7. Nh3 exf3 8. Qxf3 c6 9. Nf4 Bxc2 10. Rh2 Bh7 11. g5 hxg5 12. hxg5 Be4 13. Nxe4 Rxh2 14. gxf6 gxf6 15. Qg3 Rh1 16. Be3 Qa5+ 17. Bd2 Qb5 18. Qg2 Qxb2 19. Rd1 Rh8 20. Bc4 e6 21. Bb3 Nd7 22. Ke2 O-O-O 23. Nd3 Qxd4 24. Be3 Qd5 25. Bxd5 exd5 26. Ng3 Re8 27. Kf2 Bd6 28. Nf5 Bc7 29. Bf4 Bxf4 30. Nxf4 Ne5 31. Rd2 Rhg8 32. Qf1 Ng4+ 33. Kf3 Re5 34. Kg2 Rxf5 35. Qf3 Ne5+ 36. Qg3 Rxg3+ 37. Kxg3 Rg5+ 38. Kh3 Rf5 39. Ng2 Rf3+ 40. Kh2 Ra3 41. Re2 Kd7 42. Nf4 Kd6 43. Nh5 f5 44. Nf6 f4 45. Ne8+ Ke6 46. Nc7+ Kf5 47. Ne8 Ng4+ 48. Kg1 f3 49. Nd6+ Kf4 50. Rc2 Rd3 51. Rc1 Rd2 52. Nxf7 Rg2+ 53. Kf1 Ne3+ 54. Ke1 Re2# 0-1


[Site "https://www.chess.com"]